 Dungeon Crawl Stone Soup version 0.28-a0-861-ge64d6db94f (webtiles) character file.

Game seed: 14182316754180485333

44 ders the Digger (level 3, -2/19 HPs)
             Began as a Gargoyle Earth Elementalist on Nov 15, 2021.
             Slain by a gnoll (3 damage)
             ... on level 2 of the Dungeon.
             The game lasted 00:02:09 (1804 turns).

ders the Digger (Gargoyle Earth Elementalist)       Turns: 1804, Time: 00:02:10

Health: -2/19      AC:  5    Str: 11    XL:     3   Next: 60%
Magic:  2/6        EV:  6    Int: 16    God:
Gold:   113        SH:  0    Dex: 10    Spells: 3/7 levels left

rFire   . . .      SeeInvis .   (no weapon)
rCold   . . .      Faith    .   (no shield)
rNeg    + . .      Spirit   .   b - +0 robe
rPois   ∞          Reflect  .   (no helmet)
rElec   +          Harm     .   (no cloak)
rCorr   .          Rampage  .   (no gloves)
Will    .....                   (no boots)
Stlth   ++........              (no amulet)
HPRegen 0.06/turn               (no ring)
MPRegen 0.10/turn               (no ring)

@: held
A: sickness immunity, AC +3, negative energy resistance 1, electricity
resistance, torment resistance 1, petrification resistance
a: no special abilities


You were on level 2 of the Dungeon.
You visited 1 branch of the dungeon, and saw 2 of its levels.

You collected 113 gold pieces.

Inventory:

Missiles
 c - 19 stones
Armour
 b - a +0 robe (worn)
Jewellery
 i - a ring of resist corrosion
Scrolls
 a - 2 scrolls of identify
 f - a scroll of enchant armour {unknown}
Potions
 e - a potion of heal wounds {unknown}
 g - a potion of might {unknown}
 h - a potion of resistance {unknown}


   Skills:
 - Level 1.5 Dodging
 - Level 2.1 Stealth
 + Level 2.5 Spellcasting
 * Level 1.0 Conjurations
 + Level 1.5 Transmutations
 + Level 4.2 Earth Magic


You had 3 spell levels left.
You knew the following spells:

 Your Spells              Type           Power      Damage    Failure   Level
a - Sandblast             Erth           30%        2d9       3%          1
b - Stone Arrow           Conj/Erth      20%        3d8       21%         3

Your spell library contained the following spells:

 Spells                   Type           Power      Damage    Failure   Level
 Passwall                 Tmut/Erth      9%         N/A       9%          2
 Ozocubu's Armour         Ice            2%         N/A       52%         3
 Petrify                  Tmut/Erth      11%        N/A       52%         4
 Metabolic Englaciation   Hex/Ice        1%         N/A       99%         5
 Simulacrum               Ice/Necr       1%         N/A       100%        6


Dungeon Overview and Level Annotations

Branches:
Dungeon (2/15)

Altars:


Innate Abilities, Weirdness & Mutations

You are immune to sickness and miasma.
Your stone body is resilient. (AC +3)
You are immune to poison.
You resist negative energy. (rN+)
You are resistant to electric shocks. (rElec)
You are resistant to unholy torment.
You are immune to petrification.


Message History

Casting: Sandblast (safe; 3% risk of failure)
Confirm with . or Enter, or press ? or * to list all spells.
Aiming: Sandblast (safe; 3% risk of failure)
Press: ? - help, Shift-Dir - straight line, f/p - gnoll
Aim: a gnoll, wielding a +0 whip and quivering a throwing net (82% to hit)
The blast of sand hits the gnoll!
The gnoll is heavily wounded.
Unknown command.
Casting: Sandblast (safe; 3% risk of failure)
Confirm with . or Enter, or press ? or * to list all spells.
Aiming: Sandblast (safe; 3% risk of failure)
Press: ? - help, Shift-Dir - straight line, f - gnoll
Aim: a gnoll, wielding a +0 club (82% to hit)
The blast of sand hits the gnoll.
The gnoll is moderately wounded.
The gnoll hits you from afar with a +0 spear.
Unknown command.
Casting: Sandblast (safe; 3% risk of failure)
Confirm with . or Enter, or press ? or * to list all spells.
Aiming: Sandblast (safe; 3% risk of failure)
Press: ? - help, Shift-Dir - straight line, f/p - gnoll
Aim: a gnoll, wielding a +0 club (moderately wounded, 82% to hit)
The blast of sand hits the gnoll.
The gnoll is heavily wounded.
The gnoll barely misses you.
The gnoll hits you from afar with a +0 spear.
* * * LOW HITPOINT WARNING * * *
Unknown command.
You feel better. The gnoll closely misses you.
The gnoll hits you from afar with a +0 spear!
* * * LOW HITPOINT WARNING * * *
Casting: Sandblast (safe; 3% risk of failure)
Confirm with . or Enter, or press ? or * to list all spells.
Aiming: Sandblast (safe; 3% risk of failure)
Press: ? - help, Shift-Dir - straight line, f/p - gnoll
Aim: a gnoll, wielding a +0 club (heavily wounded, 82% to hit)
The blast of sand hits the gnoll!
You kill the gnoll!
The gnoll hits you from afar with a +0 spear.
You die...

.........#.#.#.###'####≈≈≈≈.#
..#####.†#.#.#.# #.# #≈≈≈≈≈.#
#..#.#.#.# #.# #≈≈≈≈≈.#
#..#.#.#.# #.##≈≈≈≈≈#<#
#######..#.#.#.# #.##≈≈≈≈≈#.#
.........#.#.#.# #.#≈≈≈≈≈##.#
.#....#..#.#.#.###.#≈≈≈≈≈ #.#
#....#....#.#..##.#≈≈≈≈# #.#
. #....#....#@#..# ≈≈≈≈≈ #+#
..#....#.#..#)#..# ≈≈≈≈≈
#......#.#...gg..#
......#.#####...# #....#.#
#.....# ######.# #.....#
#.....# #..!..# #+#
#.########.....# #.#
#.#......#.....# #≈≈≈≈ #.#


You could see 2 gnolls.

Vanquished Creatures
  A gnoll (D:2)
  An adder (D:2)
  3 ball pythons
  4 bats
  3 endoplasms
  A giant cockroach (D:2)
  2 goblins (D:1)
  6 hobgoblins
  2 quokkas (D:2)
  A frilled lizard (D:2)
  4 kobolds
  5 rats
33 creatures vanquished.

Notes
Turn   | Place    | Note
-------+----------+-------------------------------------------
     0 | D:1      | ders the Gargoyle Earth Elementalist began the quest for
                  | the Orb.
     0 | D:1      | Reached XP level 1. HP: 10/10 MP: 3/3
   148 | D:1      | Reached skill level 1 in Transmutations
   279 | D:1      | Reached XP level 2. HP: 15/15 MP: 1/5
   716 | D:1      | Reached skill level 4 in Earth Magic
  1079 | D:2      | Reached XP level 3. HP: 19/19 MP: 3/6
  1083 | D:2      | Learned a level 3 spell: Stone Arrow
  1254 | D:2      | Found a faded altar of an unknown god.
  1669 | D:2      | Reached skill level 1 in Conjurations
  1804 | D:2      | Slain by a gnoll

Illustrated notes

Levels and vault maps discovered:
D:1:      co_arrival_square_in_a_square_in_a_square, layout_basic
D:2:      wander_river, layout_basic, hellmonk_ecumenical_altar_heavens_door,
          serial_co_window_serial, co_window_paths_b, co_window_corner_a,
          co_window_of_opportunity_a, co_window_paths_b, co_window_corner_a,
          co_window_paths_b, co_window_paths_b, co_window_paths_c,
          co_window_paths_c, co_window_corner_cb, glass_columns_a, uniq_terence

Skill      XL: |  1  2  3 |
---------------+----------+-----
Transmutations | 1 |  1.5
Earth Magic    | 4 |  4.2
Conjurations   | 1 |  1.0
Dodging        | |  1.5
Stealth        | |  2.1
Spellcasting   | |  2.5

Action                   || total
-------------------------++-------
 Cast: Sandblast         ||    45
  Use: Scroll            ||     1
       Potion            ||     1
Armor: Robe              ||     5
Dodge: Dodged            ||     6

Table legend: (Time is in decaauts)
 A = Elapsed time spent in this place.
 B = Non-inter-level travel time spent in this place.
 C = Inter-level travel time spent in this place.
 D = Time resting spent in this place.
 E = Time spent auto-exploring this place.
 F = Levels seen in this place.
 G = Mean time per level.
                   A        B        C        D        E       F      G
               +--------+--------+--------+--------+--------+-----+--------+
         Total |   1810 |   1753 |     57 |    388 |   1180 |   2 |  905.0 |
       Dungeon |   1810 |   1753 |     57 |    388 |   1180 |   2 |  905.0 |
               +--------+--------+--------+--------+--------+-----+--------+

Top non-repeatable levels by time:
     D:1: 1064 daAuts
     D:2: 746 daAuts
